AoeStats
← Bonea

Hill Fort

504004689Analyzed
4v4 RM · 28d ago on Sep 3, 2026· 62m 7s· 8 players
Game mode
Random Map
Map size
Large (8 player)
Population
200
Speed
Normal
Resources
Standard
Victory
Conquest
Starting age
Dark Age
Ending age
Imperial Age
RankedLock teamsTeams togetherTeam positionsShared explorationLock speedFull tech treeHidden civsTurbo modeCheats
Victory
Defeat
🇨🇳 Maya · China
1304
+13
🇨🇳 Koreans · China
1259
+15
🇨🇳 Italians · China
1258
+15
🇨🇳 Spanish · China
1108
+20
🇬🇧 Koreans · United Kingdom
1295
-19
🇨🇳 Slavs · China
1282
-18
🇰🇬 Hindustanis · Kyrgyzstan
1212
-15
🇩🇪 Romans · Germany
1125
-11
slayopatra
9:56 Loom
12:38 Feudal Age
17:14 Castle Age
16:04 Horse Collar
17:57 Man-at-Arms
18:37 Squires
18:53 Forging
18:44 Scale Mail Armor
20:38 Long Swordsman
23:02 Wheelbarrow
26:27 Chain Mail Armor
28:57 Iron Casting
29:11 Ballistas
30:45 Fletching
33:01 Hand Cart
34:39 Bodkin Arrow
39:38 Imperial Age
39:28 Ballistics
40:34 Padded Archer Armor
41:42 Chemistry
40:53 Elite Skirmisher
42:17 Heavy Scorpion
42:55 Double-Bit Axe
44:07 Leather Archer Armor
44:35 Comitatenses
46:23 Elite Centurion
47:19 Bloodlines
47:09 Husbandry
47:16 Scale Barding Armor
48:12 Blast Furnace
47:42 Ring Archer Armor
49:46 Cavalier
51:15 Gold Mining
51:15 Stone Mining
57:49 Caravan
58:52 Light Cavalry
59:54 Chain Barding Armor
'The Glue'
9:58 Loom
12:55 Feudal Age
17:21 Castle Age
15:19 Double-Bit Axe
16:03 Horse Collar
19:08 Fletching
19:49 Scale Barding Armor
22:58 Bow Saw
26:04 Husbandry
28:30 Bodkin Arrow
31:53 Wheelbarrow
31:04 Town Watch
31:38 Bow Saw
45:03 Imperial Age
42:54 Hand Cart
43:09 Town Patrol
45:18 Light Cavalry
46:33 Masonry
46:45 Ballistics
47:26 Chemistry
46:22 Murder Holes
46:48 Chain Barding Armor
46:39 Forging
47:24 Hussar
49:08 Iron Casting
49:23 Architecture
49:04 Bracer
49:34 Gold Mining
49:35 Stone Mining
51:00 Heavy Plow
52:02 Two-Man Saw
51:10 Siege Engineers
50:46 Treadmill Crane
51:54 Arrowslits
52:20 Capped Ram
54:10 Caravan
58:45 Cavalier
French Connection
8:55 Loom
11:05 Feudal Age
15:45 Castle Age
14:31 Gold Mining
15:31 Stone Mining
16:39 Wheelbarrow
18:25 Forging
18:25 Scale Barding Armor
31:06 Imperial Age
29:26 Squires
30:40 Scale Mail Armor
31:39 Forging
32:49 Chain Mail Armor
34:25 Heavy Camel Rider
36:16 Iron Casting
36:51 Bloodlines
36:41 Double-Bit Axe
37:21 Hand Cart
39:08 Arson
39:53 Husbandry
41:49 Chain Barding Armor
43:54 Gold Shaft Mining
45:36 Light Cavalry
47:45 Plate Barding Armor
49:47 Blast Furnace
50:51 Hussar
54:27 Hoardings
54:17 Caravan
55:49 Fletching
55:25 Imperial Camel Rider
muui
5:06 Loom
11:19 Feudal Age
16:08 Castle Age
14:09 Double-Bit Axe
14:30 Horse Collar
15:35 Town Watch
17:01 Wheelbarrow
17:34 Bow Saw
17:25 Heavy Plow
23:22 Bloodlines
26:55 Hand Cart
27:29 Scale Barding Armor
28:42 Elite Skirmisher
29:54 Padded Archer Armor
30:59 Fletching
32:41 Leather Archer Armor
33:03 Light Cavalry
38:30 Bodkin Arrow
45:21 Imperial Age
45:45 Detinets
46:10 Stone Mining
46:11 Gold Mining
46:57 Conscription
48:22 Crop Rotation
48:15 Husbandry
50:14 Ring Archer Armor
50:05 Chain Barding Armor
49:56 Forging
50:46 Hussar
53:46 Plate Barding Armor
53:46 Iron Casting
54:25 Cavalier
54:52 Capped Ram
62:30 Blast Furnace
psrycc
0:30 Loom
12:40 Feudal Age
17:50 Castle Age
16:10 Stone Mining
16:56 Double-Bit Axe
19:06 Wheelbarrow
19:08 Bow Saw
19:01 Gold Mining
19:57 Horse Collar
22:16 Fletching
24:16 Bodkin Arrow
25:23 Gold Shaft Mining
27:43 Stone Shaft Mining
35:38 Hand Cart
38:02 Imperial Age
37:31 Heavy Plow
37:52 Eupseong
39:20 Ballistics
39:44 Conscription
41:55 Chemistry
42:26 Two-Man Saw
43:33 Bracer
44:23 Elite War Wagon
45:12 Pikeman
45:37 Gambesons
45:53 Squires
45:39 Arson
47:55 Shinkichon
48:16 Treadmill Crane
53:58 Caravan
54:29 Coinage
59:41 Masonry
59:28 Murder Holes
59:48 Halberdier
61:03 Forging
60:54 Scale Mail Armor
tiger
0:34 Loom
11:06 Feudal Age
12:27 Wheelbarrow
11:39 Double-Bit Axe
11:36 Horse Collar
14:47 Fletching
15:55 Padded Archer Armor
18:34 Gold Mining
24:49 Castle Age
24:53 Crossbowman
25:36 Bodkin Arrow
25:56 Leather Archer Armor
26:06 Bow Saw
26:29 Thumb Ring
27:45 Ballistics
27:45 Town Watch
28:17 Stone Mining
42:59 Caravan
43:56 Hand Cart
50:25 Imperial Age
48:48 Town Patrol
53:28 Chemistry
52:09 Treadmill Crane
52:24 Murder Holes
52:39 Fortified Wall
52:40 Masonry
51:53 Arbalester
51:56 Eagle Warrior
52:22 Arson
52:38 Squires
51:58 Pikeman
51:58 Man-at-Arms
52:45 Scale Mail Armor
52:55 Forging
55:47 Iron Casting
56:23 Elite Skirmisher
57:05 Bracer
57:35 Ring Archer Armor
57:23 Chain Mail Armor
58:08 Blast Furnace
58:46 Two-Man Saw
57:40 Elite Eagle Warrior
58:55 Plate Mail Armor
60:25 Conscription
60:37 Holcans
60:07 Hul'che Javelineers
59:28 Elite Plumed Archer
60:44 Hoardings
61:52 Holcans
61:23 Hul'che Javelineers
60:43 Elite Plumed Archer
61:59 Hoardings
61:10 Halberdier
小熊猫大王
9:34 Feudal Age
13:13 Double-Bit Axe
18:51 Castle Age
16:43 Horse Collar
17:57 Stone Mining
18:03 Gold Mining
22:49 Bow Saw
26:05 Heavy Plow
31:11 Imperial Age
28:53 Murder Holes
31:06 Masonry
31:21 Padded Archer Armor
32:19 Stone Shaft Mining
32:35 Scale Barding Armor
32:46 Bloodlines
32:37 Husbandry
33:28 Elite Conquistador
35:05 Conscription
35:10 Chain Barding Armor
36:44 Chemistry
36:57 Plate Barding Armor
37:54 Wheelbarrow
37:07 Loom
37:08 Town Watch
40:51 Hand Cart
47:23 Town Patrol
49:01 Supremacy
49:19 Hoardings
61:30 Forging
Bonea
3:00 Loom
11:00 Feudal Age
16:07 Castle Age
14:31 Double-Bit Axe
14:26 Horse Collar
19:06 Bow Saw
22:44 Wheelbarrow
27:00 Gold Mining
27:16 Heavy Plow
27:08 Stone Mining
30:21 Imperial Age
28:26 Silk Road
28:08 Padded Archer Armor
29:42 Stone Shaft Mining
29:35 Leather Archer Armor
29:10 Fletching
30:52 Hand Cart
30:41 Bodkin Arrow
30:33 Elite Genoese Crossbowman
31:25 Bracer
32:07 Ballistics
32:48 Chemistry
32:39 Conscription
33:12 Ring Archer Armor
33:58 Hoardings
34:14 Coinage
34:24 Pirotechnia
35:19 Two-Man Saw
35:20 Caravan
35:45 Bombard Tower
36:16 Banking
35:51 Treadmill Crane
36:06 Murder Holes
36:23 Forging
36:19 Scale Barding Armor
38:11 Guilds
40:10 Capped Ram
42:08 Chain Barding Armor
41:31 Cavalier
42:12 Husbandry
42:22 Bloodlines
41:47 Light Cavalry
47:52 Hussar
49:27 Plate Barding Armor
49:28 Iron Casting
50:03 Masonry
49:47 Arrowslits
53:07 Architecture
55:27 Fortified Wall
55:54 Town Watch
60:57 Town Patrol
60:39 Onager
Connection lost

Rejoining the realm…

Still unreachable

The connection could not be restored.

Session expired

The server has moved on; the page needs a fresh start.